6 Demon Hunter
3 Immolation
2 Evasion
1 Metamorphosis
7 Warden
3 Fan of Knives
3 Blink
1 Spirit of Vengeance
4 Keeper of the Grove
2 Thorns Aura
2 Entangling Roots
» actions
| Assign group hotkey | 22 | |
| Basic commands | 23 | |
| Build / train | 94 | |
| Enter build submenu | 30 | |
| Enter hero's abilities submenu | 16 | |
| Give item / drop item | 6 | |
| Remove unit from queue | 13 | |
| Right click | 539 | |
| Select / deselect | 674 | |
| Select group hotkey | 99 | |
| Use ability | 164 | |
1681 total
» units
| Wisp | 13 | |
| Archer | 10 | |
| Huntress | 11 | |
| Goblin Shredder | 1 | |
| Goblin Zeppelin | 3 | |
| Druid of the Claw | 2 | |
| Glaive Thrower | 2 | |
42 total
» upgrades
| Strength of the Moon | 3 | |
| Ultravision | 1 | |
| Improved Bows | 1 | |
| Marksmanship | 1 | |
| Well Spring | 1 | |
| Moon Armor | 3 | |
| Druid of the Claw Training | 2 | |
| Vorpal Blades | 1 | |
| Upgrade Moon Glaive | 1 | |
| Mark of the Claw | 1 | |
15 total
» buildings
| Moon Well | 9 | |
| Altar of Elders | 1 | |
| Ancient of War | 2 | |
| Hunter's Hall | 1 | |
| Ancient of Wonders | 2 | |
| Tree of Ages | 1 | |
| Ancient of Lore | 2 | |
| Tree of Eternity | 1 | |
| Tree of Life | 1 | |
| Ancient of Wind | 1 | |
21 total
» build order
00:07 Moon Well
00:16 Altar of Elders
00:21 Moon Well
00:52 Ancient of War
01:46 Moon Well
02:07 Hunter's Hall
02:50 Ancient of War
03:26 Ancient of Wonders
04:18 Tree of Ages
04:29 Moon Well
05:30 Moon Well
06:52 Ancient of Lore
07:09 Tree of Eternity
09:09 Moon Well
10:15 Tree of Life
10:21 Moon Well
13:36 Moon Well
14:58 Moon Well
17:33 Ancient of Lore
17:36 Ancient of Wind
24:24 Ancient of Wonders
» items